AoeStats
← agusvr3051n

Arena

510322054Analyzed
1v1 RM · 1d ago on Sep 30, 2026· 42m 27s· 2 players
Game mode
Random Map
Map size
Tiny (2 player)
Population
200
Speed
Normal
Resources
Standard
Victory
Conquest
Starting age
Dark Age
Ending age
Imperial Age
RankedLock teamsTeams togetherTeam positionsShared explorationLock speedFull tech treeHidden civsTurbo modeCheats
Victory
Defeat
🇺🇸 Dravidians · United States
930
+15
🇦🇷 Vietnamese · Argentina
898
-15
agusvr3051n
10:45 Feudal Age
11:31 Gold Mining
11:59 Double-Bit Axe
11:56 Horse Collar
13:36 Loom
14:53 Forging
17:48 Castle Age
16:58 Scale Mail Armor
19:28 Stone Mining
20:31 Stone Shaft Mining
23:32 Bloodlines
24:09 Bow Saw
26:34 Heavy Plow
27:36 Fletching
27:46 Padded Archer Armor
28:47 Wheelbarrow
28:06 Town Watch
29:03 Wheelbarrow
28:37 Herbal Medicine
29:30 Hand Cart
29:16 Town Patrol
30:11 Iron Casting
29:41 Scale Barding Armor
31:09 Ballistics
34:34 Imperial Age
32:24 Bodkin Arrow
32:44 Leather Archer Armor
33:39 Leather Archer Armor
33:44 Chain Barding Armor
36:32 Chemistry
37:33 Ring Archer Armor
37:03 Bracer
37:39 Plate Barding Armor
39:37 Cavalier
40:18 Husbandry
41:40 Chain Mail Armor
42:44 Paper Money
43:07 Crop Rotation
43:39 Two-Man Saw
42:01 Elite Skirmisher
42:47 Thumb Ring
yC%N%9dMZFreaK&8$
7:19 Loom
11:45 Feudal Age
13:17 Loom
16:06 Castle Age
13:58 Horse Collar
17:18 Double-Bit Axe
17:44 Heavy Plow
21:31 Town Watch
22:53 Bow Saw
24:40 Wheelbarrow
25:35 Gold Mining
26:58 Stone Mining
32:07 Imperial Age
29:57 Hand Cart
33:07 Fletching
33:42 Ballistics
34:23 Chemistry
34:25 Bodkin Arrow
35:31 Bracer
36:41 Padded Archer Armor
36:04 Elite Elephant Archer
36:53 Thumb Ring
41:06 Leather Archer Armor
40:53 Husbandry
42:19 Ring Archer Armor
41:58 Medical Corps
Connection lost

Rejoining the realm…

Still unreachable

The connection could not be restored.

Session expired

The server has moved on; the page needs a fresh start.